 Dungeon Crawl Stone Soup version 0.23.1-41-g7e51ed3 (webtiles) character file.

Game seed: 17212102343389954550

220 Borgoz the Cutter (level 5, 0/32 HPs)
             Began as a Gargoyle Gladiator on Mar 30, 2019.
             Slain by Pikel
             ... wielding a +0 whip of freezing
              (3 damage)
             ... on level 4 of the Dungeon.
             The game lasted 00:04:03 (2477 turns).

Borgoz the Cutter (Gargoyle Gladiator)              Turns: 2477, Time: 00:04:03

Health: 0/32       AC: 10    Str: 17    XL:     5   Next: 97%
Magic:  0/6        EV: 13    Int: 11    God:
Gold:   135        SH:  0    Dex: 12    Spells: 6/6 levels left

rFire    . . .     SeeInvis .   a - +0 rapier
rCold    . . .     Gourm    .   (no shield)
rNeg     + . .     Faith    .   b - +0 leather armour
rPois    ∞         Spirit   +   c - +0 helmet
rElec    +         Reflect  .   k - +0 cloak
rCorr    .         Harm     .   j - +0 pair of gloves
MR       .....     Clarity  +   (no boots)
Stlth    +.........             s - amulet of guardian spirit
HPRegen  0.10/turn              (no ring)
MPRegen  0.10/turn              (no ring)

@: very slightly contaminated
A: clarity, clever 1, negative energy resistance 1, electricity resistance,
unbreathing, petrification resistance, rot immunity, AC +4
a: no special abilities


You were on level 4 of the Dungeon.
You were not hungry.

You visited 1 branch of the dungeon, and saw 4 of its levels.

You collected 135 gold pieces.

Inventory:

Hand Weapons
 a - a +0 rapier (weapon)
Missiles
 d - 5 throwing nets (quivered)
Armour
 b - a +0 leather armour (worn)
 c - a +0 helmet (worn)
 j - a +0 pair of gloves (worn)
 k - a +0 cloak (worn)
Jewellery
 s - an amulet of guardian spirit (around neck)
Wands
 n - a wand of digging (2)
 w - a wand of random effects (4)
Scrolls
 e - 2 scrolls of teleportation
 g - a scroll of noise {unknown}
 h - 2 scrolls of identify {unknown}
 i - a scroll of fear {unknown}
 l - 2 scrolls of fog {unknown}
 m - 2 scrolls of remove curse {unknown}
 p - a scroll of magic mapping {unknown}
 q - a scroll of enchant armour {unknown}
 r - 2 scrolls of random uselessness {unknown}
Potions
 o - a potion of mutation
Comestibles
 f - 7 rations


   Skills:
 + Level 3.1 Fighting
 * Level 3.6 Short Blades
 + Level 2.3 Throwing
 * Level 1.9 Armour
 * Level 3.3 Dodging
 + Level 1.5 Stealth
 + Level 1.1 Spellcasting


You had 6 spell levels left.
You didn't know any spells.
Your spell library was empty.

Dungeon Overview and Level Annotations

Branches:
Dungeon (4/15)
 Temple: D:4-7

Altars:

Annotations:
D:4 Pikel


Innate Abilities, Weirdness & Mutations

You are resistant to torment.
Your stone body is resilient. (AC +4)
You are immune to poison.
You resist negative energy. (rN+)
You are resistant to electric shocks. (rElec)
You can survive without breathing.
You are immune to petrification.
You are immune to rotting.
You possess an exceptional clarity of mind.
Your mind is acute. (Int +2)


Message History

Pikel is severely wounded.
Pikel hits you but does no damage.
You barely miss Pikel.
Pikel is severely wounded.
Pikel closely misses you.
You hit Pikel but do no damage.
Pikel is severely wounded.
Pikel hits you but does no damage.
You barely miss Pikel.
Pikel is severely wounded.
Pikel hits you with a +0 whip of freezing.
* * * LOW HITPOINT WARNING * * *
Pikel freezes you.
* * * LOW HITPOINT WARNING * * *
Pikel says, "You'll fetch a fair price!"
Pikel hits you but does no damage.
You barely miss Pikel.
Pikel is severely wounded.
Pikel hits you with a +0 whip of freezing.
You die...

#########
#<......#
#######.#
#.# #.#
#.# #@#
#K# #p#
#p# #p#
..# ###


You could see Pikel and 3 slaves.

Vanquished Creatures
  A slave (D:4)
  Natasha (twice) (D:3)
  Ijyb (D:2)
  4 gnolls (D:3)
  5 adders (D:2)
  An ooze (D:1)
  2 worms
  A dart slug (D:1)
  A leopard gecko (D:3)
  An orc (D:3)
  11 bats
  A giant cockroach (D:1)
  6 goblins
  8 hobgoblins
  2 jackals (D:3)
  2 kobolds
  A quokka (D:3)
  4 frilled lizards
  3 rats
57 creatures vanquished.

Notes
Turn   | Place    | Note
-------+----------+-------------------------------------------
     0 | D:1      | Borgoz the Gargoyle Gladiator began the quest for the Orb.
     0 | D:1      | Reached XP level 1. HP: 12/12 MP: 1/1
   168 | D:1      | Reached XP level 2. HP: 17/17 MP: 2/2
   663 | D:2      | Reached XP level 3. HP: 20/22 MP: 3/3
   850 | D:2      | Reached XP level 4. HP: 27/27 MP: 4/4
  1164 | D:2      | Reached skill level 1 in Armour
  1268 | D:3      | Noticed Ijyb
  1298 | D:2      | Killed Ijyb
  1298 | D:2      | Reached skill level 1 in Stealth
  1357 | D:3      | Noticed Natasha
  1365 | D:3      | Killed Natasha
  1365 | D:3      | Reached XP level 5. HP: 22/31 MP: 4/6
  1588 | D:3      | Reached skill level 1 in Spellcasting
  1619 | D:3      | Gained mutation: You are frail. (-10% HP) [potion of
                  | mutation]
  1619 | D:3      | Gained mutation: Scrolls take you a little longer to read.
                  | [potion of mutation]
  1619 | D:3      | Gained mutation: You are somewhat resistant to further
                  | mutation. [potion of mutation]
  1649 | D:3      | Lost mutation: You are somewhat resistant to further
                  | mutation. [potion of mutation]
  1649 | D:3      | Lost mutation: You are frail. (-10% HP) [potion of
                  | mutation]
  1649 | D:3      | Lost mutation: Scrolls take you a little longer to read.
                  | [potion of mutation]
  1649 | D:3      | Gained mutation: You possess an exceptional clarity of
                  | mind. [potion of mutation]
  1649 | D:3      | Gained mutation: Your mind is acute. (Int +2) [potion of
                  | mutation]
  1651 | D:3      | Noticed Natasha
  1948 | D:3      | Killed Natasha
  2411 | D:4      | Noticed a slave
  2412 | D:4      | Noticed a slave
  2412 | D:4      | Noticed a slave
  2413 | D:4      | Noticed Pikel
  2423 | D:4      | Killed a slave
  2426 | D:4      | Noticed a slave
  2477 | D:4      | Slain by Pikel

Skill      XL: |  1  2  3  4  5 |
---------------+----------------+-----
Short Blades   | 3 |  3.6
Throwing       | 2 |  2.3
Dodging        | 3 |  3.3
Armour         | 1 |  1.9
Stealth        | 1 |  1.5
Spellcasting   | 1 |  1.1
Fighting       | 3 |  3.1

Action                   |  1- 3 |  4- 6 || total
-------------------------+-------+-------++-------
Melee: Rapier            |   100 |   186 ||   286
Throw: Throwing net      |       |     1 ||     1
  Use: Scroll            |       |     1 ||     1
       Potion            |       |     4 ||     4
 Stab: Sleeping          |     2 |     4 ||     6
       Invisible         |       |     3 ||     3
       Distracted        |       |     1 ||     1
  Eat: Chunk             |       |     5 ||     5
Armor: Leather armour    |    43 |    71 ||   114
Dodge: Dodged            |    81 |   124 ||   205
